3AAA
ELLENBURG FIGHTING DACHSUNDS @ AUGUSTA TIMBER HAWKS
09/03/2028
 
TOP OF THE 1ST
Ellenburg Fighting Dachsunds batting - Pitching for Augusta Timber Hawks : LHP Andrew Holloway
Pitching: LHP Andrew Holloway
Batting: RHB Norman Winston 0-0: Called Strike
0-1: Ball
1-1: Ball
2-1: Called Strike
2-2: Ball
3-2: Reached on error, E5 (Groundball, 56)
Batting: RHB José Vázquez 0-0: Ball
1-0: Ball
2-0: Foul Ball, location: 2F
2-1: Ball
3-1: Base on Balls
Batting: RHB Peter Heard 0-0: Ball
1-0: Called Strike
1-1: Foul Ball, location: 2F
1-2: Foul Ball, location: 2F
1-2: Grounds into double play, 6-4-3 (Groundball, 6)
Norman Winston to third
Batting: RHB Héctor Rivera 0-0: Fly out, F6 (Popup, 6D)
Top of the 1st over - 0 run(s), 0 hit(s), 1 error(s), 1 left on base; Ellenburg 0 - Augusta 0
BOTTOM OF THE 1ST
Augusta Timber Hawks batting - Pitching for Ellenburg Fighting Dachsunds : LHP Maxime Janssens
Pitching: LHP Maxime Janssens
Batting: LHB Luis Moreno 0-0: Ball
1-0: Ground out U3 (Groundball, 3L)
Batting: RHB Jaime Cruz 0-0: Swinging Strike
0-1: Ball
1-1: Ball
2-1: SINGLE (Line Drive, 78S)
Batting: LHB Alberto Torres 0-0: Ball
1-0: Ball
2-0: Grounds into double play, 4-6-3 (Groundball, 34)
Bottom of the 1st over - 0 run(s), 1 hit(s), 0 error(s), 0 left on base; Ellenburg 0 - Augusta 0
TOP OF THE 2ND
Ellenburg Fighting Dachsunds batting - Pitching for Augusta Timber Hawks : LHP Andrew Holloway
Batting: RHB Edwin Berns 0-0: Called Strike
0-1: Ground out 4-3 (Groundball, 4)
Batting: LHB José Ortega 0-0: Ball
1-0: Ball
2-0: Foul Ball, location: 2F
2-1: Called Strike
2-2: Fly out, F2 (Popup, 56S)
Batting: RHB Gonzalo Sánchez 0-0: Ball
1-0: Ball
2-0: Fly out, F4 (Line Drive, 4)
Top of the 2nd over - 0 run(s), 0 hit(s), 0 error(s), 0 left on base; Ellenburg 0 - Augusta 0
BOTTOM OF THE 2ND
Augusta Timber Hawks batting - Pitching for Ellenburg Fighting Dachsunds : LHP Maxime Janssens
Batting: LHB José Marín 0-0: Fly out, F8 (Line Drive, 8LS)
Batting: RHB Scott Robertson 0-0: Called Strike
0-1: Foul Ball, location: 2F
0-2: Ground out 5-3 (Groundball, 5S)
Batting: SHB Adrián Zamudio 0-0: Ground out 4-3 (Groundball, 4)
Bottom of the 2nd over - 0 run(s), 0 hit(s), 0 error(s), 0 left on base; Ellenburg 0 - Augusta 0
TOP OF THE 3RD
Ellenburg Fighting Dachsunds batting - Pitching for Augusta Timber Hawks : LHP Andrew Holloway
Batting: RHB Marty Jennings 0-0: Ball
1-0: Ball
2-0: Ground out 6-3 (Groundball, 6)
Batting: RHB Roy Bowman 0-0: Ball
1-0: Fly out, F9 (Flyball, 9)
Batting: RHB Norman Winston 0-0: Called Strike
0-1: Called Strike
0-2: Strikes out swinging
Top of the 3rd over - 0 run(s), 0 hit(s), 0 error(s), 0 left on base; Ellenburg 0 - Augusta 0
BOTTOM OF THE 3RD
Augusta Timber Hawks batting - Pitching for Ellenburg Fighting Dachsunds : LHP Maxime Janssens
Batting: RHB Anastasio Hernández 0-0: Ball
1-0: Called Strike
1-1: Ball
2-1: Ground out 6-3 (Groundball, 6)
Batting: SHB Eduardo Pampin 0-0: Called Strike
0-1: Called Strike
0-2: Ball
1-2: Ground out 4-3 (Groundball, 4)
Batting: RHB Uchino Akahito 0-0: Ball
1-0: Ball
2-0: Called Strike
2-1: Ball
3-1: Base on Balls
Batting: LHB Luis Moreno 0-0: Ball
1-0: Swinging Strike
1-1: Called Strike
1-2: Foul Ball, location: 2F
1-2: Strikes out swinging
Bottom of the 3rd over - 0 run(s), 0 hit(s), 0 error(s), 1 left on base; Ellenburg 0 - Augusta 0
TOP OF THE 4TH
Ellenburg Fighting Dachsunds batting - Pitching for Augusta Timber Hawks : LHP Andrew Holloway
Batting: RHB José Vázquez 0-0: Swinging Strike
0-1: Ball
1-1: Ball
2-1: Ball
3-1: DOUBLE (Line Drive, 9LS)
Batting: RHB Peter Heard 0-0: SINGLE (Flyball, 9LS) - OUT at second base trying to stretch hit.
José Vázquez scores
Batting: RHB Héctor Rivera 0-0: Called Strike
0-1: Ball
1-1: Foul Ball, location: 2F
1-2: Ball
2-2: Ball
3-2: Fly out, F7 (Flyball, 78S)
Batting: RHB Edwin Berns 0-0: Ground out 6-3 (Groundball, 6)
Top of the 4th over - 1 run(s), 2 hit(s), 0 error(s), 0 left on base; Ellenburg 1 - Augusta 0
BOTTOM OF THE 4TH
Augusta Timber Hawks batting - Pitching for Ellenburg Fighting Dachsunds : LHP Maxime Janssens
Batting: RHB Jaime Cruz 0-0: Ground out 6-3 (Groundball, 6)
Batting: LHB Alberto Torres 0-0: Ball
1-0: Swinging Strike
1-1: Ground out 4-3 (Groundball, 4)
Batting: LHB José Marín 0-0: Ball
1-0: Ball
2-0: Fly out, F8 (Flyball, 8RM)
Bottom of the 4th over - 0 run(s), 0 hit(s), 0 error(s), 0 left on base; Ellenburg 1 - Augusta 0
TOP OF THE 5TH
Ellenburg Fighting Dachsunds batting - Pitching for Augusta Timber Hawks : LHP Andrew Holloway
Batting: LHB José Ortega 0-0: Called Strike
0-1: Swinging Strike
0-2: Ball
1-2: Ball
2-2: Fly out, F7 (Flyball, 7S)
Batting: RHB Gonzalo Sánchez 0-0: Swinging Strike
0-1: Ball
1-1: Ball
2-1: Foul Ball, location: 2F
2-2: Ball
3-2: Strikes out swinging
Batting: RHB Marty Jennings 0-0: Ball
1-0: Called Strike
1-1: Called Strike
1-2: Ground out 1-3 (Groundball, P)
Top of the 5th over - 0 run(s), 0 hit(s), 0 error(s), 0 left on base; Ellenburg 1 - Augusta 0
BOTTOM OF THE 5TH
Augusta Timber Hawks batting - Pitching for Ellenburg Fighting Dachsunds : LHP Maxime Janssens
Batting: RHB Scott Robertson 0-0: Swinging Strike
0-1: Foul Ball, location: 2F
0-2: Ball
1-2: Ball
2-2: Strikes out swinging
Batting: SHB Adrián Zamudio 0-0: Ball
1-0: Called Strike
1-1: Called Strike
1-2: Ball
2-2: Ground out 3-1 (Groundball, 34)
Batting: RHB Anastasio Hernández 0-0: Swinging Strike
0-1: Foul Ball, location: 2F
0-2: Ball
1-2: Ball
2-2: Strikes out swinging
Bottom of the 5th over - 0 run(s), 0 hit(s), 0 error(s), 0 left on base; Ellenburg 1 - Augusta 0
TOP OF THE 6TH
Ellenburg Fighting Dachsunds batting - Pitching for Augusta Timber Hawks : LHP Andrew Holloway
Batting: RHB Roy Bowman 0-0: Ball
1-0: SINGLE (Line Drive, 56)
Batting: RHB Norman Winston 0-0: Ball
1-0: Bunted foul
1-1: Sac Bunt - play at first, batter OUT! 4-3
Roy Bowman to second
Batting: RHB José Vázquez 0-0: SINGLE (Groundball, 6MD)
Roy Bowman to third
Batting: RHB Peter Heard 0-0: Ball
1-0: Swinging Strike
1-1: Ball
2-1: Fly out, F3 (Popup, 3S)
Batting: RHB Héctor Rivera 0-0: Ball
1-0: Foul Ball, location: 2F
1-1: Swinging Strike
1-2: Ball
2-2: Ball
3-2: Foul Ball, location: 2F
3-2: Base on Balls
José Vázquez to second
Batting: RHB Edwin Berns 0-0: Swinging Strike
0-1: Ball
1-1: SINGLE (Line Drive, 78S)
Roy Bowman scores
José Vázquez to third
Héctor Rivera to second
Runner from 3rd tries for Home, SAFE, no throw
Batting: LHB José Ortega 0-0: Ball
1-0: Foul Ball, location: 2F
1-1: Ground out U3 (Groundball, 34)
Top of the 6th over - 2 run(s), 3 hit(s), 0 error(s), 2 left on base; Ellenburg 3 - Augusta 0
BOTTOM OF THE 6TH
Augusta Timber Hawks batting - Pitching for Ellenburg Fighting Dachsunds : LHP Maxime Janssens
Batting: SHB Eduardo Pampin 0-0: Ball
1-0: Foul Ball, location: 2F
1-1: Fly out, F7 (Line Drive, 78D)
Batting: RHB Uchino Akahito 0-0: Ball
1-0: Ball
2-0: Ball
3-0: Base on Balls
Batting: LHB Luis Moreno 0-0: Called Strike
0-1: Swinging Strike
0-2: Strikes out looking
Batting: RHB Jaime Cruz 0-0: Swinging Strike
0-1: Foul Ball, location: 2F
0-2: Foul Ball, location: 2F
0-2: Strikes out looking
Bottom of the 6th over - 0 run(s), 0 hit(s), 0 error(s), 1 left on base; Ellenburg 3 - Augusta 0
TOP OF THE 7TH
Ellenburg Fighting Dachsunds batting - Pitching for Augusta Timber Hawks : LHP Andrew Holloway
Batting: RHB Gonzalo Sánchez 0-0: Ball
1-0: Fly out, F1 (Line Drive, 13)
Batting: RHB Marty Jennings 0-0: Ball
1-0: Ball
2-0: Ball
3-0: Called Strike
3-1: Base on Balls
Pitching: LHP Earnest Cogan
Batting: RHB Roy Bowman 0-0: Ball
1-0: Ball
2-0: Ball
3-0: Base on Balls
Marty Jennings to second
Batting: RHB Norman Winston 0-0: Ball
1-0: Fielders Choice at 2nd, 4-6 (Groundball, 4)
Marty Jennings to third
Batting: RHB José Vázquez 0-0: Ball
1-0: Ball
2-0: Ball
3-0: Called Strike
3-1: Fielders Choice at 2nd, 5-4 (Groundball, 5)
Top of the 7th over - 0 run(s), 0 hit(s), 0 error(s), 1 left on base; Ellenburg 3 - Augusta 0
BOTTOM OF THE 7TH
Augusta Timber Hawks batting - Pitching for Ellenburg Fighting Dachsunds : LHP Maxime Janssens
Batting: LHB Alberto Torres 0-0: Called Strike
0-1: Ground out 6-3 (Groundball, 6)
Batting: LHB José Marín 0-0: SINGLE (Groundball, 4MD)
Batting: RHB Scott Robertson 0-0: Called Strike
0-1: Swinging Strike
0-2: Foul Ball, location: 2F
0-2: Ball
1-2: Strikes out swinging
Batting: SHB Adrián Zamudio 0-0: Called Strike
0-1: Swinging Strike
0-2: Ball
1-2: Foul Ball, location: 2F
1-2: Ball
2-2: SINGLE (Line Drive, 6D)
José Marín to second
Batting: RHB Anastasio Hernández 0-0: Called Strike
0-1: Called Strike
0-2: Ball
1-2: Fly out, F9 (Flyball, 9S)
Bottom of the 7th over - 0 run(s), 2 hit(s), 0 error(s), 2 left on base; Ellenburg 3 - Augusta 0
TOP OF THE 8TH
Ellenburg Fighting Dachsunds batting - Pitching for Augusta Timber Hawks : LHP Earnest Cogan
Batting: RHB Peter Heard 0-0: Ball
1-0: Fly out, F4 (Line Drive, 4)
Batting: RHB Héctor Rivera 0-0: Ball
1-0: Foul Ball, location: 2F
1-1: Ball
2-1: Ground out 6-3 (Groundball, 6M)
Batting: RHB Edwin Berns 0-0: Ball
1-0: Ground out 6-3 (Groundball, 6)
Top of the 8th over - 0 run(s), 0 hit(s), 0 error(s), 0 left on base; Ellenburg 3 - Augusta 0
BOTTOM OF THE 8TH
Augusta Timber Hawks batting - Pitching for Ellenburg Fighting Dachsunds : LHP Maxime Janssens
Batting: SHB Eduardo Pampin 0-0: Called Strike
0-1: Fly out, F8 (Flyball, 8LM)
Batting: RHB Uchino Akahito 0-0: Ball
1-0: Foul Ball, location: 2F
1-1: Foul Ball, location: 2F
1-2: Fly out, F4 (Flyball, 4MD)
Batting: LHB Luis Moreno 0-0: Called Strike
0-1: Ball
1-1: Foul Ball, location: 2F
1-2: Strikes out swinging
Bottom of the 8th over - 0 run(s), 0 hit(s), 0 error(s), 0 left on base; Ellenburg 3 - Augusta 0
TOP OF THE 9TH
Ellenburg Fighting Dachsunds batting - Pitching for Augusta Timber Hawks : LHP Earnest Cogan
Pitching: LHP Damien Scudder
Batting: LHB José Ortega 0-0: Called Strike
0-1: Ground out 4-3 (Groundball, 4)
Batting: RHB Gonzalo Sánchez 0-0: Swinging Strike
0-1: Swinging Strike
0-2: DOUBLE (Flyball, 9D)
Batting: RHB Marty Jennings 0-0: SINGLE (Flyball, 8LS)
Gonzalo Sánchez to third
Runner from 3rd tries for Home, SAFE, throw made home
Batting: RHB Roy Bowman 0-0: Fielders Choice at 2nd, 5-4 (Groundball, 56)
Batting: RHB Norman Winston 0-0: Ball
1-0: Ball
2-0: Foul Ball, location: 2F
2-1: Ball
3-1: Base on Balls
Roy Bowman to second
Batting: RHB José Vázquez 0-0: Called Strike
0-1: Foul Ball, location: 2F
0-2: Ball
1-2: Strikes out swinging
Top of the 9th over - 1 run(s), 2 hit(s), 0 error(s), 2 left on base; Ellenburg 4 - Augusta 0
BOTTOM OF THE 9TH
Augusta Timber Hawks batting - Pitching for Ellenburg Fighting Dachsunds : LHP Maxime Janssens
Pitching: LHP An Jang-Yop
Batting: RHB Jaime Cruz 0-0: Ball
1-0: Ball
2-0: Called Strike
2-1: Ball
3-1: Called Strike
3-2: Foul Ball, location: 2F
3-2: Base on Balls
Batting: LHB Alberto Torres 0-0: Ball
1-0: Foul Ball, location: 2F
1-1: Ball
2-1: Swinging Strike
2-2: Ball
3-2: Base on Balls
Jaime Cruz to second
Batting: LHB José Marín 0-0: Ball
1-0: Called Strike
1-1: Fielders Choice at 2nd, 3-6 (Groundball, 34)
Jaime Cruz to third
Batting: RHB Scott Robertson 0-0: Ball
1-0: Ball
2-0: Ball
3-0: Called Strike
3-1: Called Strike
3-2: Base on Balls
José Marín to second
Pinch Hitting: RHB Pedro Jiménez 0-0: Ball
1-0: Ball
Wild Pitch!
Jaime Cruz scores
José Marín to third
Scott Robertson to second
2-0: Ball
3-0: Base on Balls
Batting: RHB Anastasio Hernández 0-0: Foul Ball, location: 2F
0-1: Foul Ball, location: 2F
0-2: Strikes out swinging
Batting: SHB Eduardo Pampin 0-0: Ball
1-0: Foul Ball, location: 2F
1-1: Ball
2-1: Foul Ball, location: 2F
2-2: Fly out, F4 (Popup, 4D)
Bottom of the 9th over - 1 run(s), 0 hit(s), 0 error(s), 3 left on base; Ellenburg 4 - Augusta 1
Thursday, August 31st, 2017 - OOTP Baseball 17.12 Build 75